 Dungeon Crawl Stone Soup version 0.29.1-4-g47bece8355 (webtiles) character file.

Game seed: 16146126803812745729

56 iamoutofideas the Chopper (level 3, -3/33 HPs)
             Began as a Hill Orc Berserker on Dec 8, 2022.
             Was a Follower of Trog.
             Killed by nerve-wracking pain
             ... invoked by a shadow imp
             ... summoned by Natasha
              (11 damage)
             ... on level 2 of the Dungeon.
             The game lasted 00:01:20 (1636 turns).

iamoutofideas the Chopper (Hill Orc Berserker)      Turns: 1636, Time: 00:01:21

Health: -3/33      AC:  2    Str: 21    XL:     3   Next: 97%
Magic:  3/3        EV: 12    Int:  7    God:    Trog [*.....]
Gold:   74         SH:  0    Dex: 10    Spells: 2/2 levels left

rFire   . . .      SeeInvis .   a - +0 hand axe
rCold   . . .      Faith    .   (no shield)
rNeg    . . .      Spirit   .   b - +0 animal skin
rPois   .          Reflect  .   (no helmet)
rElec   .          Harm     .   (no cloak)
rCorr   .          Rampage  .   (no gloves)
Will    .....                   (no boots)
Stlth   +.........              (no amulet)
HPRegen 0.11/turn               (no ring)
MPRegen 0.08/turn               (no ring)

@: on berserk cooldown
A: no striking features
a: Renounce Religion, Berserk


You were on level 2 of the Dungeon.
You worshipped Trog.
Trog was aware of your devotion.
You visited 1 branch of the dungeon, and saw 2 of its levels.

You collected 74 gold pieces.

Inventory:

Hand Weapons
 a - a +0 hand axe (weapon)
Missiles
 e - 6 curare-tipped darts (quivered)
Armour
 b - a +0 animal skin (worn)
 n - a +0 pair of gloves
Scrolls
 c - a scroll of amnesia {unknown}
 g - 2 scrolls of magic mapping {unknown}
 h - a scroll of immolation {unknown}
 i - a scroll of enchant weapon {unknown}
 j - a scroll of fear {unknown}
 m - a scroll of identify {unknown}
Potions
 d - a potion of brilliance {unknown}
 f - a potion of flight {unknown}
 k - a potion of heal wounds {unknown}
 l - a potion of curing {unknown}


   Skills:
 - Level 4.0 Fighting
 + Level 5.8 Axes
 - Level 2.3 Armour
 - Level 1.6 Dodging


You had 2 spell levels left.
You didn't know any spells.
Your spell library contained the following spells:

 Spells                   Type           Power      Damage    Failure   Level
 Confusing Touch          Hex            0%         N/A       80%         3
 Yara's Violent Unravell  Hex/Tmut       0%         3d3       100%        5
 Enfeeble                 Hex            0%         N/A       100%        7


Dungeon Overview and Level Annotations

Branches:
Dungeon (2/15)

Altars:

Annotations:
D:2 Natasha


Message History

You are too injured to fight recklessly!
You hit the worm.
The worm is heavily wounded.
You slash the worm!
You kill the worm!
Trog accepts your kill.
You are too injured to fight recklessly!
You see here a worm corpse.
You are too injured to fight recklessly!
You feel a strong urge to attack something.
You start resting.
You feel your anger nearly subside.
You are no longer berserk.
You are exhausted.
You feel yourself slow down.
You start resting.
Natasha, Servant of Life and Death comes into view.
Natasha is nearby!
Natasha is nearby!
Natasha is nearby!
Natasha is nearby!
You are too injured to fight recklessly!
Natasha is nearby!
You are too injured to fight recklessly!
You are too injured to fight recklessly!
You feel yourself speed up.
Natasha hisses angrily.
You see here a worm corpse.
Natasha casts a spell.
The shadow imp gestures at you. Pain shoots through your body!
* * * LOW HITPOINT WARNING * * *
You slash the shadow imp!
The shadow imp is severely wounded.
Natasha howls an incantation.
You feel disoriented. The shadow imp closely misses you.
Okay, then.
The shadow imp gestures at you. Pain shoots through your body!
You die...

#.# ##.####.####
###.########.# #.#
#..####............#
#.#
#.........##########
#.# #.#####.### #.#
.. #.# ## #.#
..###.#.# .. ..#
........######.#
.........h5.@..#
.####.########## #.
#. #


You could see Natasha and a shadow imp (summoned).

Vanquished Creatures
  Natasha (D:2)
  An adder (D:2)
  2 worms (D:2)
  A dart slug (D:1)
  2 endoplasms (D:1)
  4 goblins
  A hobgoblin (D:2)
  2 bats (D:1)
  A frilled lizard (D:1)
  A kobold (D:2)
  A rat (D:2)
17 creatures vanquished.

Notes
Turn   | Place    | Note
-------+----------+-------------------------------------------
     0 | D:1      | iamoutofideas the Hill Orc Berserker began the quest for
                  | the Orb.
     0 | D:1      | Reached XP level 1. HP: 19/19 MP: 1/1
   265 | D:1      | Reached XP level 2. HP: 19/27 MP: 2/2
   701 | D:2      | Found a faded altar of an unknown god.
   768 | D:2      | HP: 1/27 [poisoned by a kobold]
  1153 | D:2      | Reached skill level 5 in Axes
  1153 | D:2      | Reached XP level 3. HP: 16/33 MP: 3/3
  1275 | D:2      | Noticed Natasha
  1286 | D:2      | Killed Natasha
  1629 | D:2      | Noticed Natasha
  1636 | D:2      | Killed from afar by a shadow imp

Illustrated notes

Levels and vault maps discovered:
D:1:      ebering_trefoil_3fold, layout_basic
D:2:      layout_loops_ring, nicolae_ecumenical_oubliette, basic_altar,
          corexii_corridor_pit, uniq_sigmund, uniq_natasha

Skill      XL: |  1  2 |
---------------+-------+-----
Fighting       | 4 |  4.0
Axes           | 5 |  5.8
Armour         | |  2.3
Dodging        | |  1.6

Action                   || total
-------------------------++-------
Melee: Hand axe          ||    68
       Punch             ||     2
Invok: Berserk           ||     4
 Stab: Sleeping          ||     1
Armor: Animal skin       ||     8
Dodge: Dodged            ||    41
